[ PARTIDA AOE2 · #477964150 ]
UnrankedVietnamitas vs None
Equipo rival · DERR
[ ANÁLISIS DE REPETICIÓN · EXTRAÍDO DE LA PARTIDA GRABADA ]
Feudal
8:50
Castillos
21:34
Imperial
38:25
| APM promedio | 59.2 |
| APM pico | 103 |
| eAPM promedio | 27.9 |
| Aldeanos / militares | 124 / 84 |
Foco
⚔️ 38.7% · 🌾 61.3%
Cavalry Archer ×31 · Rattan Archer ×18 · Skirmisher ×14 · Archer ×8 · Mangonel ×6 · Monk ×2
Feudal
9:18
Castillos
25:17
Imperial
—
| APM promedio | 67.9 |
| APM pico | 95 |
| eAPM promedio | 21.1 |
| Aldeanos / militares | 89 / 121 |
Foco
⚔️ 36.4% · 🌾 63.6%
Skirmisher ×55 · Militia ×30 · Woad Raider ×25 · Battering Ram ×5 · Mangonel ×4 · Spearman ×2
Mapa de la partida
Recursos iniciales + cada clic de construcción. Líneas = muros · curvas = relieve. ◆ oro · ⬟ piedra · ● bayas · ✦ reliquia · ◌ hueco del cierre
Tu base· Abierta — el rival se encerró
Base de Tobi· ✓ Cerrada en 25:17 · 20t muro · sin puerta
Terreno inicial suavizado · ◌ = hueco del cierre detectado · pasá el cursor para detalles
Inputs por minuto
— OS+ | Loki - - Tobi
Build order — OS+ | Loki
Primeras 150 de 363 acciones detectadas
| 0:00 | Crear | Villager (Male) ×4 |
| 0:01 | Construir | House |
| 0:02 | Construir | House |
| 1:24 | Crear | Villager (Male) |
| 1:45 | Construir | Lumber Camp |
| 1:49 | Construir | Lumber Camp |
| 1:58 | Crear | Villager (Male) |
| 2:15 | Crear | Villager (Male) |
| 2:42 | Crear | Villager (Male) |
| 2:42 | Crear | Villager (Male) |
| 3:38 | Crear | Villager (Male) |
| 3:49 | Construir | House |
| 3:50 | Construir | House |
| 3:54 | Crear | Villager (Male) |
| 4:29 | Crear | Villager (Male) |
| 4:49 | Construir | Mining Camp |
| 4:51 | Crear | Villager (Male) |
| 5:21 | Crear | Villager (Male) |
| 5:24 | Crear | Villager (Male) |
| 5:42 | Construir | Palisade Wall |
| 5:43 | Construir | Palisade Wall |
| 6:00 | Investigar | Loom |
| 6:37 | Investigar | Feudal Age |
| 7:23 | Construir | Barracks |
| 7:43 | Construir | House |
| 7:46 | Construir | Palisade Wall |
| 8:27 | Crear | Villager (Male) |
| 8:31 | Construir | Palisade Wall |
| 8:34 | Construir | Palisade Wall |
| 8:40 | Crear | Villager (Male) |
| 8:49 | Construir | House |
| 8:50 | Edad | Edad Feudal |
| 8:56 | Construir | Archery Range |
| 8:57 | Investigar | Double-Bit Axe |
| 8:58 | Crear | Villager (Male) |
| 9:27 | Construir | House |
| 9:37 | Construir | Palisade Wall |
| 9:41 | Construir | House |
| 9:42 | Crear | Villager (Male) |
| 9:43 | Crear | Archer |
| 9:55 | Crear | Archer |
| 10:03 | Construir | Mill |
| 10:30 | Crear | Archer |
| 10:33 | Crear | Villager (Male) |
| 10:46 | Construir | Blacksmith |
| 11:06 | Crear | Archer |
| 11:07 | Crear | Villager (Male) |
| 11:40 | Investigar | Fletching |
| 11:43 | Construir | Farm |
| 11:50 | Construir | Farm |
| 11:52 | Construir | Farm |
| 12:13 | Crear | Villager (Male) |
| 12:36 | Crear | Archer |
| 12:36 | Crear | Villager (Male) |
| 12:41 | Crear | Skirmisher |
| 12:47 | Construir | Farm |
| 12:49 | Construir | Farm |
| 12:56 | Crear | Villager (Male) |
| 13:14 | Crear | Villager (Male) |
| 13:14 | Crear | Archer |
| 13:17 | Construir | Farm |
| 13:21 | Construir | Farm |
| 13:23 | Crear | Skirmisher |
| 13:39 | Construir | Farm |
| 13:46 | Crear | Villager (Male) |
| 14:02 | Crear | Skirmisher |
| 14:06 | Crear | Villager (Male) |
| 14:08 | Crear | Skirmisher |
| 14:27 | Crear | Villager (Male) |
| 14:36 | Crear | Villager (Male) |
| 14:36 | Crear | Archer |
| 14:42 | Construir | Farm |
| 14:42 | Construir | Farm |
| 14:47 | Crear | Villager (Male) |
| 14:47 | Crear | Archer |
| 15:14 | Crear | Skirmisher |
| 15:14 | Crear | Skirmisher |
| 15:38 | Crear | Skirmisher |
| 15:46 | Crear | Villager (Male) |
| 15:52 | Construir | Farm |
| 15:53 | Construir | Farm |
| 16:02 | Crear | Villager (Male) |
| 16:05 | Construir | Farm |
| 16:06 | Construir | Farm |
| 16:22 | Construir | House |
| 16:30 | Crear | Villager (Male) |
| 16:56 | Crear | Villager (Male) |
| 16:59 | Construir | Blacksmith |
| 17:06 | Crear | Villager (Male) |
| 17:19 | Construir | House |
| 17:29 | Crear | Villager (Male) |
| 17:38 | Crear | Skirmisher |
| 18:13 | Crear | Skirmisher |
| 18:21 | Crear | Villager (Male) |
| 18:37 | Investigar | Horse Collar |
| 18:38 | Investigar | Gold Mining |
| 18:49 | Construir | House |
| 18:50 | Construir | House |
| 18:53 | Investigar | Castle Age |
| 18:53 | Investigar | Castle Age |
| 18:56 | Investigar | Padded Archer Armor |
| 18:57 | Crear | Skirmisher |
| 19:05 | Construir | Lumber Camp |
| 19:54 | Construir | House |
| 20:28 | Crear | Skirmisher |
| 20:53 | Construir | House |
| 20:55 | Construir | House |
| 21:28 | Crear | Skirmisher |
| 21:28 | Crear | Villager (Male) |
| 21:32 | Construir | Farm |
| 21:32 | Construir | Farm |
| 21:34 | Edad | Edad de los Castillos |
| 21:36 | Construir | Town Center |
| 21:39 | Investigar | Bow Saw |
| 21:40 | Investigar | Elite Skirmisher (upgrade) |
| 21:40 | Investigar | Elite Skirmisher (upgrade) |
| 21:41 | Investigar | Bodkin Arrow |
| 21:41 | Investigar | Bodkin Arrow |
| 21:59 | Investigar | Wheelbarrow |
| 21:59 | Crear | Villager (Male) |
| 22:26 | Crear | Villager (Male) |
| 22:34 | Crear | Cavalry Archer |
| 22:40 | Crear | Villager (Male) |
| 22:40 | Crear | Villager (Male) |
| 22:43 | Construir | University |
| 22:44 | Crear | Villager (Male) |
| 22:45 | Crear | Skirmisher |
| 22:59 | Construir | Town Center |
| 23:19 | Crear | Villager (Male) |
| 23:20 | Crear | Villager (Male) |
| 23:22 | Construir | Farm |
| 23:26 | Construir | Farm |
| 23:26 | Construir | Farm |
| 23:27 | Construir | Farm |
| 23:49 | Crear | Villager (Male) |
| 23:49 | Crear | Villager (Male) |
| 24:01 | Investigar | Ballistics |
| 24:01 | Investigar | Ballistics |
| 24:07 | Crear | Villager (Male) |
| 24:13 | Construir | Farm |
| 24:18 | Crear | Villager (Male) |
| 24:43 | Crear | Villager (Male) |
| 24:43 | Crear | Villager (Male) |
| 24:50 | Construir | Market |
| 25:06 | Crear | Villager (Male) |
| 25:06 | Crear | Villager (Male) |
| 25:07 | Crear | Villager (Male) |
| 25:21 | Construir | Farm |
| 25:22 | Crear | Villager (Male) |
| 25:31 | Crear | Skirmisher |
Build order — Tobi
Primeras 150 de 303 acciones detectadas
| 0:01 | Crear | Villager (Male) |
| 0:01 | Crear | Villager (Male) |
| 0:02 | Construir | House |
| 0:03 | Construir | House |
| 0:25 | Crear | Villager (Male) |
| 0:25 | Crear | Villager (Male) |
| 1:30 | Crear | Villager (Male) |
| 1:30 | Crear | Villager (Male) |
| 1:31 | Crear | Villager (Male) |
| 1:59 | Construir | Lumber Camp |
| 2:01 | Crear | Villager (Male) |
| 2:01 | Crear | Villager (Male) |
| 2:21 | Crear | Villager (Male) |
| 2:21 | Crear | Villager (Male) |
| 2:50 | Crear | Villager (Male) |
| 2:53 | Crear | Villager (Male) |
| 2:53 | Crear | Villager (Male) |
| 3:40 | Crear | Villager (Male) |
| 3:41 | Crear | Villager (Male) |
| 3:41 | Crear | Villager (Male) |
| 3:50 | Construir | House |
| 3:56 | Construir | House |
| 4:05 | Crear | Villager (Male) |
| 4:20 | Crear | Villager (Male) |
| 4:34 | Construir | House |
| 4:42 | Crear | Villager (Male) |
| 4:43 | Crear | Villager (Male) |
| 5:07 | Construir | Barracks |
| 5:15 | Crear | Villager (Male) |
| 5:46 | Crear | Villager (Male) |
| 6:07 | Crear | Villager (Male) |
| 6:15 | Construir | Mill |
| 6:30 | Investigar | Loom |
| 7:08 | Investigar | Feudal Age |
| 7:08 | Investigar | Feudal Age |
| 7:26 | Crear | Militia |
| 7:27 | Crear | Militia |
| 7:27 | Crear | Militia |
| 7:40 | Construir | Mining Camp |
| 7:47 | Crear | Militia |
| 7:47 | Crear | Militia |
| 7:47 | Crear | Militia |
| 8:27 | Construir | House |
| 8:39 | Crear | Militia |
| 9:18 | Edad | Edad Feudal |
| 9:19 | Crear | Villager (Male) |
| 9:24 | Construir | Archery Range |
| 9:47 | Crear | Villager (Male) |
| 9:49 | Crear | Spearman |
| 10:10 | Crear | Villager (Male) |
| 10:11 | Investigar | Man-at-Arms (upgrade) |
| 10:14 | Investigar | Double-Bit Axe |
| 10:17 | Construir | House |
| 10:19 | Crear | Skirmisher |
| 10:19 | Crear | Skirmisher |
| 10:32 | Crear | Villager (Male) |
| 10:32 | Crear | Villager (Male) |
| 10:32 | Crear | Villager (Male) |
| 10:35 | Construir | Farm |
| 10:57 | Construir | House |
| 11:00 | Construir | House |
| 11:01 | Crear | Villager (Male) |
| 11:05 | Crear | Skirmisher |
| 11:16 | Construir | Blacksmith |
| 11:31 | Crear | Villager (Male) |
| 11:41 | Crear | Skirmisher |
| 11:44 | Crear | Villager (Male) |
| 11:48 | Construir | House |
| 11:54 | Construir | House |
| 12:10 | Investigar | Fletching |
| 12:18 | Construir | Farm |
| 12:36 | Crear | Villager (Male) |
| 12:38 | Crear | Villager (Male) |
| 12:53 | Construir | Farm |
| 12:56 | Construir | House |
| 12:58 | Construir | Palisade Wall |
| 13:06 | Crear | Skirmisher |
| 13:06 | Crear | Skirmisher |
| 13:12 | Crear | Villager (Male) |
| 13:22 | Investigar | Padded Archer Armor |
| 13:24 | Construir | House |
| 13:26 | Crear | Villager (Male) |
| 13:43 | Crear | Skirmisher |
| 13:51 | Construir | Farm |
| 13:59 | Crear | Villager (Male) |
| 14:04 | Construir | Farm |
| 14:07 | Crear | Skirmisher |
| 14:18 | Crear | Villager (Male) |
| 14:27 | Crear | Skirmisher |
| 15:07 | Crear | Villager (Male) |
| 15:35 | Crear | Villager (Male) |
| 15:36 | Crear | Skirmisher |
| 15:37 | Crear | Spearman |
| 15:39 | Construir | Farm |
| 15:46 | Crear | Villager (Male) |
| 15:54 | Construir | Lumber Camp |
| 15:55 | Crear | Skirmisher |
| 16:04 | Crear | Skirmisher |
| 16:10 | Construir | Farm |
| 16:16 | Construir | Farm |
| 16:16 | Construir | Farm |
| 16:16 | Construir | Farm |
| 16:16 | Construir | Farm |
| 16:17 | Construir | Farm |
| 16:17 | Construir | Farm |
| 16:31 | Crear | Skirmisher |
| 16:47 | Crear | Villager (Male) |
| 17:05 | Construir | Archery Range |
| 17:07 | Crear | Villager (Male) |
| 17:17 | Crear | Skirmisher |
| 17:24 | Construir | Farm |
| 17:25 | Construir | Farm |
| 17:27 | Crear | Villager (Male) |
| 17:34 | Construir | House |
| 17:36 | Construir | Palisade Wall |
| 17:40 | Crear | Villager (Male) |
| 17:52 | Crear | Villager (Male) |
| 17:54 | Crear | Skirmisher |
| 17:55 | Crear | Skirmisher |
| 17:58 | Construir | House |
| 18:01 | Construir | Palisade Wall |
| 18:03 | Crear | Villager (Male) |
| 18:10 | Construir | Farm |
| 18:19 | Crear | Skirmisher |
| 18:37 | Construir | House |
| 18:39 | Crear | Militia |
| 18:42 | Investigar | Horse Collar |
| 18:56 | Crear | Villager (Male) |
| 19:02 | Crear | Skirmisher |
| 19:05 | Crear | Villager (Male) |
| 19:12 | Crear | Villager (Male) |
| 19:16 | Crear | Skirmisher |
| 19:47 | Crear | Militia |
| 19:48 | Crear | Skirmisher |
| 19:50 | Investigar | Scale Mail Armor |
| 20:05 | Construir | Mining Camp |
| 20:08 | Construir | House |
| 20:10 | Crear | Villager (Male) |
| 20:12 | Construir | Farm |
| 20:15 | Construir | Farm |
| 20:15 | Construir | Farm |
| 20:15 | Construir | Farm |
| 20:15 | Construir | Farm |
| 20:16 | Construir | Farm |
| 20:16 | Construir | Farm |
| 20:18 | Crear | Villager (Male) |
| 20:21 | Crear | Militia |
| 20:22 | Crear | Skirmisher |
| 20:33 | Crear | Skirmisher |
| 20:47 | Construir | House |
Cronología de la partida
| 5:07 | Tobi · first_building Barracks |
| 5:42 | OS+ | Loki · wall_segment Palisade Wall x1 |
| 5:43 | OS+ | Loki · wall_segment Palisade Wall x1 |
| 7:23 | OS+ | Loki · first_building Barracks |
| 7:46 | OS+ | Loki · wall_segment Palisade Wall x2 |
| 8:31 | OS+ | Loki · wall_segment Palisade Wall x2 |
| 8:34 | OS+ | Loki · wall_segment Palisade Wall x4 |
| 8:50 | OS+ | Loki · age_up feudal |
| 8:56 | OS+ | Loki · first_building Archery Range |
| 9:18 | Tobi · age_up feudal |
| 9:24 | Tobi · first_building Archery Range |
| 9:37 | OS+ | Loki · wall_segment Palisade Wall x1 |
| 12:58 | Tobi · wall_segment Palisade Wall x9 |
| 17:36 | Tobi · wall_segment Palisade Wall x9 |
| 18:01 | Tobi · wall_segment Palisade Wall x2 |
| 21:34 | OS+ | Loki · age_up castle |
| 22:36 | Tobi · first_market_buy 100 food |
| 25:17 | Tobi · age_up castle |
| 25:26 | Tobi · first_building Castle |
| 25:38 | Tobi · first_market_sell 100 wood |
| 26:47 | Tobi · wall_segment Palisade Wall x1 |
| 26:59 | Tobi · first_building Siege Workshop |
| 27:01 | OS+ | Loki · first_building Castle |
| 27:21 | OS+ | Loki · first_building Siege Workshop |
| 30:57 | OS+ | Loki · first_building Monastery |
| 31:49 | OS+ | Loki · first_market_sell 100 wood |
| 38:12 | OS+ | Loki · first_building Stable |
| 38:25 | OS+ | Loki · age_up imperial |
| 38:32 | OS+ | Loki · first_market_buy 100 wood |
| 38:56 | Tobi · resign |
[ ANÁLISIS IA · 1 CRÉDITO ]
¿Qué pasó realmente en esta partida?
Wolo.gg analiza cada decisión: build order, eco, micro, errores típicos por bracket. Análisis personalizado por WhatsApp o Discord en 30 segundos.
Guía civ
Vietnamitas
Perfil
Jugador #705897